 Dungeon Crawl Stone Soup version 0.28-a0-535-g6f645e4c1d (webtiles) character file.

Game seed: 15970268062802865979

1571 shoop the Sneak (level 8, -3/36 HPs)
             Began as a Vine Stalker Enchanter on Sept 26, 2021.
             Slain by an orc warrior (6 damage)
             ... on level 7 of the Dungeon.
             The game lasted 00:17:28 (6700 turns).

shoop the Sneak (Vine Stalker Enchanter)            Turns: 6700, Time: 00:17:28

Health: -3/36      AC:  6    Str: 10    XL:     8   Next: 90%
Magic:  0/21       EV: 11    Int: 17    God:
Gold:   101        SH:  0    Dex: 22    Spells: 9/11 levels left

rFire   . . .      SeeInvis .   a - +2 dagger (speed)
rCold   + . .      Faith    .   B - +2 buckler
rNeg    . . .      Spirit   +   v - +2 leather armour {rC+}
rPois   .          Reflect  .   (no helmet)
rElec   .          Harm     .   (no cloak)
rCorr   .          Rampage  .   F - +0 pair of gloves
Will    +....                   (no boots)
Stlth   ++........              (no amulet)
HPRegen 1.12/turn               u - +6 ring of dexterity
MPRegen 0.17/turn               e - ring of magical power

@: confused
A: fangs 3, regeneration 1, magic shield, antimagic bite, no potion heal 2
a: no special abilities


You were on level 7 of the Dungeon.
You visited 2 branches of the dungeon, and saw 8 of its levels.

You collected 333 gold pieces.
You spent 232 gold pieces at shops.

Inventory:

Hand Weapons
 a - a +2 dagger of speed (weapon)
 b - a +0 vampiric short sword
 l - a +3 short sword
 r - a +1 dagger
Missiles
 m - 5 atropa-tipped darts (quivered)
 o - 2 curare-tipped darts
Armour
 j - a +0 robe
 v - a +2 leather armour of cold resistance (worn)
 B - a +2 buckler (worn)
 F - a +0 pair of gloves (worn)
Jewellery
 e - a ring of magical power (right hand)
 k - a ring of resist corrosion
 u - a +6 ring of dexterity (left hand)
 E - the ring "Otsuh" {rPois rC+ Will+ SInv}
   (You bought it in a shop on level 4 of the Dungeon)

   [ring of see invisible]

   rC:        It protects you from cold.
   rPois:     It protects you from poison.
   SInv:      It lets you see invisible.
   Will:      It increases your willpower.
Wands
 t - a wand of mindburst (23)
 w - a wand of iceblast (13)
Scrolls
 f - 5 scrolls of identify {unknown}
 g - 2 scrolls of amnesia {unknown}
 h - a scroll of enchant armour {unknown}
 n - a scroll of silence {unknown}
 s - 5 scrolls of enchant weapon {unknown}
 x - a scroll of fear {unknown}
 y - a scroll of vulnerability {unknown}
 D - a scroll of immolation {unknown}
Potions
 c - a potion of invisibility
 d - a potion of brilliance
 i - 3 potions of degeneration {unknown}
 p - 2 potions of might {unknown}
 q - 3 potions of flight {unknown}
 z - a potion of haste {unknown}
 A - a potion of curing {unknown}
 C - a potion of heal wounds {unknown}
 G - a potion of magic {unknown}


   Skills:
 * Level 6.2 Short Blades
 - Level 1.0 Throwing
 - Level 2.0 Armour
 - Level 1.5 Dodging
 + Level 7.9 Stealth
 + Level 3.1 Shields
 - Level 2.1 Spellcasting
 - Level 3.0 Hexes
 - Level 2.0 Ice Magic
 - Level 3.0 Evocations


You had 9 spell levels left.
You knew the following spells:

 Your Spells              Type           Power      Damage    Failure   Level
a - Ensorcelled Hibernat  Hex/Ice        20%        N/A       16%         2

Your spell library contained the following spells:

 Spells                   Type           Power      Damage    Failure   Level
 Confusing Touch          Hex            12%        N/A       26%         3
 Tukima's Dance           Hex            12%        N/A       26%         3
 Animate Skeleton         Necr           2%         N/A       28%         1
 Apportation              Tloc           2%         N/A       28%         1
 Pain                     Necr           4%         1d4       28%         1
 Summon Small Mammal      Summ           4%         N/A       28%         1
 Dazzling Flash           Conj/Hex       12%        N/A       43%         3
 Summon Guardian Golem    Hex/Summ       6%         N/A       43%         3
 Call Canine Familiar     Summ           1%         N/A       65%         3
 Vampiric Draining        Necr           0%         2d6       65%         3


Dungeon Overview and Level Annotations

Branches:
Dungeon (7/15)             Temple (1/1) D:6

Altars:
Ashenzari
Cheibriados
Dithmenos
Elyvilon
Fedhas
Gozag
Hepliaklqana
Makhleb
Nemelex Xobeh
Okawaru
Qazlal
Ru
Trog
Uskayaw
Vehumet
Wu Jian
Yredelemnul
Zin
The Shining One

Shops:
D:4 *[(   D:5 [[[

Annotations:
D:5 Eustachio
D:7 exclusions: orc and orc warrior


Innate Abilities, Weirdness & Mutations

You have razor-sharp teeth.
Your natural rate of healing is unusually fast.
When hurt, damage is shared between your health and your magic reserves.
Your bite disrupts and absorbs the magic of your enemies.
Potions cannot restore your health.


Message History

The orc warrior is severely wounded.
Something hits you. You block the orc's attack.
You hit the orc warrior but do no damage.
Your bite misses the orc warrior.
The orc warrior is severely wounded.
The orc warrior hits you with a +0 short sword!
You are too injured to fight recklessly!
You are too injured to fight recklessly!
You are too injured to fight recklessly!
You closely miss the orc warrior.
The orc warrior is severely wounded.
Something hits you but does no damage. The orc hits you with a +0 flail.
You hit the orc warrior but do no damage.
You bite the orc warrior, but do no damage.
The orc warrior is severely wounded.
The orc warrior hits you with a +0 short sword.
* * * LOW HITPOINT WARNING * * *
You completely miss the orc warrior. Your bite misses the orc warrior.
The orc warrior is severely wounded.
Something hits you.
* * * LOW HITPOINT WARNING * * *
The orc barely misses you.
Casting: Ensorcelled Hibernation (safe; 16% risk of failure)
Confirm with . or Enter, or press ? or * to list all spells.
Aiming: Ensorcelled Hibernation (safe; 16% risk of failure)
Press: ? - help, Shift-Dir - straight line, f - orc warrior
Aim: an orc warrior, wielding a +0 short sword and wearing a +0 plate armour (severely wounded, chance to affect: 41%)
The orc warrior resists with some effort.
You block the orc warrior's attack.
You hear some strange, mumbled words.
You are confused.
The orc hits you but does no damage.
You closely miss the orc warrior.
The orc warrior is severely wounded.
The orc warrior hits you with a +0 short sword!
* * * LOW HITPOINT WARNING * * *
You bump into the stone wall.
Something barely misses you. The orc closely misses you.
The orc warrior hits you with a +0 short sword.
You die...

#####
#....############
#...o@...#......#
#...o#{..#......#
#....#...'......#
#..###..##.....##
.... #'###.....#
.... #..##.....#
... #...#.....#
... #.).#.)...#
#...#.....#


You could see an orc warrior and an orc.

Vanquished Creatures
  Sigmund (D:5)
  2 ice beasts (D:6)
  3 ogres
  3 necrophages
  A centaur (D:6)
  A phantom (D:5)
  Blork the orc (D:5)
  A scorpion (D:5)
  An orc priest (D:7)
  A hound (D:5)
  2 iguanas
  A bullfrog skeleton (D:5)
  3 orc wizards
  2 gnolls
  A howler monkey skeleton (D:6)
  8 adders
  An ufetubus (D:4)
  4 worms
  A dart slug (D:2)
  17 orcs
  6 ball pythons
  6 giant cockroaches
  10 goblins
  12 hobgoblins
  4 jackals (D:1)
  9 kobolds
  8 quokkas
  3 bats
  A frilled lizard (D:1)
  7 rats
121 creatures vanquished.

Notes
Turn   | Place    | Note
-------+----------+-------------------------------------------
     0 | D:1      | shoop the Vine Stalker Enchanter began the quest for the
                  | Orb.
     0 | D:1      | Reached XP level 1. HP: 9/9 MP: 4/4
   127 | D:1      | Reached skill level 1 in Short Blades
   365 | D:1      | Reached skill level 4 in Stealth
   449 | D:1      | Reached XP level 2. HP: 12/13 MP: 6/6
   456 | D:1      | Learned a level 2 spell: Ensorcelled Hibernation
  1175 | D:1      | Reached XP level 3. HP: 16/16 MP: 5/7
  1366 | D:1      | Reached skill level 1 in Ice Magic
  1673 | D:2      | Gained mutation: Your natural rate of healing is unusually
                  | fast. [Vine Stalker growth]
  1673 | D:2      | Reached XP level 4. HP: 15/21 MP: 4/8
  2388 | D:3      | Reached skill level 1 in Throwing
  2493 | D:3      | Reached XP level 5. HP: 24/24 MP: 6/9
  2496 | D:3      | Reached skill level 5 in Stealth
  2854 | D:3      | Found a burning altar of Makhleb.
  3337 | D:4      | Noticed a necrophage
  3340 | D:4      | Killed a necrophage
  3341 | D:4      | Reached skill level 1 in Evocations
  3341 | D:4      | Reached XP level 6. HP: 28/28 MP: 10/10
  3452 | D:4      | Noticed a necrophage
  3540 | D:4      | Reached skill level 1 in Armour
  3656 | D:4      | Found Anyteumue's Antique Armour Emporium.
  3680 | D:4      | Found a radiant altar of Vehumet.
  3746 | D:4      | Found Nytics's CLEARANCE SALE!.
  3924 | D:5      | Entered Level 5 of the Dungeon
  3952 | D:5      | Found Wosm's Antique Armour Boutique.
  3955 | D:5      | Noticed Blork the orc
  3961 | D:5      | Killed Blork the orc
  3962 | D:5      | Reached skill level 6 in Stealth
  3978 | D:5      | Noticed Sigmund
  4067 | D:5      | Reached XP level 7. HP: 32/32 MP: 7/11
  4358 | D:5      | Found Hexkoph's Antique Armour Boutique.
  4366 | D:5      | Noticed Eustachio
  4918 | D:5      | Reached skill level 1 in Shields
  4947 | D:5      | Found Bemm's Antique Armour Shoppe.
  5013 | D:5      | Killed Sigmund
  5295 | D:6      | Gained mutation: You have razor-sharp teeth. [Vine Stalker
                  | growth]
  5295 | D:6      | Reached XP level 8. HP: 36/36 MP: 12/12
  5414 | D:4      | Bought the ring "Otsuh" {rPois rC+ Will+ SInv} for 232 gold
                  | pieces
  5551 | D:4      | Found Muij's Antique Weapon Shoppe.
  5683 | D:6      | Reached skill level 7 in Stealth
  5696 | D:6      | Found a staircase to the Ecumenical Temple.
  5702 | Temple   | Entered the Ecumenical Temple
  5931 | D:6      | Reached skill level 5 in Short Blades
  6163 | D:6      | Found an iron altar of Okawaru.
  6699 | D:7      | HP: 1/36 [orc warrior (9)]
  6700 | D:7      | Slain by an orc warrior

Illustrated notes

Levels and vault maps discovered:
D:1:      lemuel_arrival_behind_the_door_large, layout_basic
D:2:      layout_rooms, minmay_tetromino_i2
D:3:      layout_loops_ring, mainiacjoe_overflow_small_starburst
D:4:      layout_gridville, general_overflow_altar, serial_shops, shop,
          shop_fountains, chequers_garden, nicolae_shop_clearance
D:5:      layout_gridville, serial_shops, nicolae_shop_crystal, shop_fountains,
          nicolae_shop_overgrown_old_shop, uniq_blork_the_orc, uniq_eustachio,
          uniq_sigmund
D:6:      layout_basic, okawaru_gym_becter, minmay_temple_entry_gardened_gates,
          serial_rivers, chequers_serial_rivers_micro_c,
          chequers_serial_rivers_small_a, chequers_serial_rivers_marsh,
          chequers_serial_rivers_large_a, st_stairs_12, mrwooster_statue_mirror,
          minmay_misc_feat_nine_boxes
D:7:      layout_gridville, grunt_temple_overflow_diamond, uniq_harold
Temple:   eino_temple_rhombus

Skill      XL: |  1  2  3  4  5  6  7  8 |
---------------+-------------------------+-----
Short Blades   | 1 2 3 4 6 |  6.2
Stealth        | 4 5 6 7 |  7.9
Ice Magic      | 1 2 |  2.0
Throwing       | 1 |  1.0
Evocations     | 1 2 3 |  3.0
Armour         | 1 2 |  2.0
Shields        | 1 3 |  3.1
Dodging        | |  1.5
Spellcasting   | |  2.1
Hexes          | |  3.0

Action                   |  1- 3 |  4- 6 |  7- 9 || total
-------------------------+-------+-------+-------++-------
Melee: Dagger            |    62 |    28 |   109 ||   199
       Bite              |    29 |    36 |    66 ||   131
       Short sword       |    53 |   141 |   112 ||   306
 Cast: Ensorcelled Hiber |    11 |    19 |    12 ||    42
  Use: Potion            |       |     1 |       ||     1
 Stab: Sleeping          |    11 |    24 |     7 ||    42
       Distracted        |       |       |     1 ||     1
Armor: Robe              |    16 |    11 |       ||    27
       Leather armour    |       |     9 |    36 ||    45
Dodge: Dodged            |    84 |   117 |    55 ||   256
Block: Buckler           |       |       |    47 ||    47

Table legend: (Time is in decaauts)
 A = Elapsed time spent in this place.
 B = Non-inter-level travel time spent in this place.
 C = Inter-level travel time spent in this place.
 D = Time resting spent in this place.
 E = Time spent auto-exploring this place.
 F = Levels seen in this place.
 G = Mean time per level.
                   A        B        C        D        E       F      G
               +--------+--------+--------+--------+--------+-----+--------+
         Total |   6632 |   6282 |    350 |    239 |   4723 |   8 |  829.0 |
       Dungeon |   6474 |   6139 |    335 |    239 |   4593 |   7 |  924.9 |
        Temple |    157 |    142 |     15 |      0 |    130 |   1 |  157.0 |
               +--------+--------+--------+--------+--------+-----+--------+

Top non-repeatable levels by time:
     D:1: 1519 daAuts
     D:5: 1206 daAuts
     D:4: 1076 daAuts
     D:6: 937 daAuts
     D:3: 932 daAuts
     D:2: 651 daAuts
  Temple: 157 daAuts
     D:7: 151 daAuts
